 Dungeon Crawl Stone Soup version 0.27.1-35-g4d5d836560 (webtiles) character file.

Game seed: 18046211871779526397

93 Froggeryz the Cudgeller (level 4, 0/46 HPs)
             Began as an Octopode Berserker on Sept 13, 2022.
             Was a Believer of Trog.
             Slain by a kobold (3 damage)
             ... on level 2 of the Dungeon.
             The game lasted 00:01:04 (2181 turns).

Froggeryz the Cudgeller (Octopode Berserker)        Turns: 2181, Time: 00:01:05

Health: 0/46       AC:  1    Str: 16    XL:     4   Next: 61%
Magic:  4/4        EV: 13    Int:  9    God:    Trog [**....]
Gold:   76         SH:  0    Dex: 12    Spells: 3/3 levels left

rFire    . . .     SeeInvis .   a - +0 mace
rCold    . . .     Faith    .   (no shield)
rNeg     . . .     Spirit   .   (helmet restricted)
rPois    .         Reflect  .   (no amulet)
rElec    .         Harm     .   (no ring)
rCorr    .         Rampage  .   (no ring)
Will     .....                  (no ring)
Stlth    ..........             (no ring)
HPRegen  0.15/turn              (no ring)
MPRegen  0.09/turn              (no ring)
                                (no ring)
                                (no ring)

@: berserking, very quick
A: almost no armour, amphibious, 8 rings, camouflage 1, gelatinous body 1,
(nimble swimmer 1), tentacles
a: Renounce Religion, Berserk, Trog's Hand


You were on level 2 of the Dungeon.
You worshipped Trog.
Trog was pleased with you.
You visited 1 branch of the dungeon, and saw 2 of its levels.

You collected 76 gold pieces.

Inventory:

Hand Weapons
 a - a +0 mace (weapon)
Scrolls
 b - 2 scrolls of identify {unknown}
 d - a scroll of brand weapon {unknown}
Potions
 c - a potion of ambrosia {unknown}
 e - a potion of brilliance {unknown}
 f - a potion of flight {unknown}


   Skills:
 - Level 3.0 Fighting
 * Level 5.2 Maces & Flails
 - Level 3.0 Dodging


You had 3 spell levels left.
You didn't know any spells.
Your spell library was empty.

Dungeon Overview and Level Annotations

Branches:
Dungeon (2/15)

Altars:
Kikubaaqudgha


Innate Abilities, Weirdness & Mutations

You cannot wear most types of armour.
You are amphibious.
You can wear up to eight rings at the same time.
Your skin changes colour to match your surroundings (Stealth+).
Your rubbery body absorbs attacks. (AC +1, EV +1)
((You are camouflaged near water. (Stealth+)))
You have tentacles for arms and can constrict up to eight enemies at once.


Message History

The kobold closely misses you.
You are too injured to fight recklessly!
You are too injured to fight recklessly!
You are too injured to fight recklessly!
You are too injured to fight recklessly!
You are too injured to fight recklessly!
You are too injured to fight recklessly!
You are too injured to fight recklessly!
You are too injured to fight recklessly!
You are too injured to fight recklessly!
You are too injured to fight recklessly!
You are too injured to fight recklessly!
You are too injured to fight recklessly!
You are too injured to fight recklessly!
You completely miss the kobold.
The kobold is heavily wounded.
You constrict the kobold.
You kill the kobold!
Trog accepts your kill.
The kobold hits you with a +0 short sword.
* * * LOW HITPOINT WARNING * * *
The kobold closely misses you.
A red film seems to cover your vision as you go berserk!
You feel yourself moving faster!
You feel mighty!
The kobold hits you with a +0 short sword.
* * * LOW HITPOINT WARNING * * *
The kobold hits you with a +0 dagger.
* * * LOW HITPOINT WARNING * * *
The kobold hits you with a +0 short sword.
* * * LOW HITPOINT WARNING * * *
You closely miss the kobold. You grab the kobold.
You constrict the kobold, but do no damage.
The kobold closely misses you. The kobold barely misses you.
The kobold closely misses you.
You completely miss the kobold. Your grab misses the kobold.
You constrict the kobold.
You kill the kobold!
Trog accepts your kill. The kobold hits you with a +0 dagger.
You die...

.........)...).###
#........##
....#######.####
#.####+##..
............#######
##†.##.8.##.
###########.......##
#....##...##
#######..###.##..##...#
##### ##.##..###..##...
#....# #..#.###....''.8
#....)##....##....##...
#....)@K...##....##...#
!....$)K'........##...##
........'.......##.8.##.
.......##..)...####'##..
......# #....[.........#
###### ##.#....#########
#######..#.####
###########.......##.#####
.........................#


You could see 2 kobolds.

Vanquished Creatures
  4 gnolls (D:2)
  A worm (D:2)
  7 endoplasms
  4 goblins
  6 hobgoblins (D:1)
  4 jackals
  7 kobolds
  5 quokkas (D:1)
  4 ball pythons (D:1)
  2 frilled lizards (D:1)
  2 rats
46 creatures vanquished.

Vanquished Creatures (others)
  4 toadstools (D:2)
4 creatures vanquished.

Grand Total: 50 creatures vanquished

Notes
Turn   | Place    | Note
-------+----------+-------------------------------------------
     0 | D:1      | Froggeryz the Octopode Berserker began the quest for the
                  | Orb.
     0 | D:1      | Reached XP level 1. HP: 16/16 MP: 1/1
   270 | D:1      | Reached XP level 2. HP: 19/21 MP: 2/2
   590 | D:1      | Reached skill level 4 in Maces & Flails
   772 | D:1      | Reached XP level 3. HP: 24/26 MP: 3/3
   936 | D:1      | Reached ** piety under Trog
  1612 | D:2      | Reached XP level 4. HP: 30/31 MP: 4/4
  1613 | D:2      | Reached skill level 5 in Maces & Flails
  1839 | D:2      | Found a faded altar of an unknown god.
  2029 | D:2      | Found an ancient bone altar of Kikubaaqudgha.
  2179 | D:2      | HP: 2/46 [kobold (4)]
  2181 | D:2      | Slain by a kobold

Illustrated notes

Levels and vault maps discovered:
D:1:      roderic_crossed_star, layout_basic, minmay_tromino_v4_c
D:2:      cheibrodos_fertilizer, layout_rooms,
          hellmonk_ecumenical_altar_inner_sanctum, basic_altar,
          grunt_decor_arrowhead, minmay_misc_feat_diagonals, grunt_ministairs_9,
          st_stairs_6

Skill      XL: |  1  2  3  4 |
---------------+-------------+-----
Maces & Flails | 4 5 |  5.2
Fighting       | |  3.0
Dodging        | |  3.0

Action                   |  1- 3 |  4- 6 || total
-------------------------+-------+-------++-------
Melee: Mace              |    69 |    15 ||    84
       Constrict         |    14 |     4 ||    18
       Tentacles         |    11 |     2 ||    13
Invok: Berserk           |     1 |     1 ||     2
 Stab: Sleeping          |     4 |     1 ||     5
Armor: Skin              |     5 |     3 ||     8
Dodge: Dodged            |    52 |    11 ||    63
